AoeStats
← El-Kiody

Black Forest

510057579Analyzed
2v2 RM · 2d ago on Sep 29, 2026· 117m 19s· 4 players
Game mode
Random Map
Map size
Medium (4 player)
Population
200
Speed
Normal
Resources
Standard
Victory
Conquest
Starting age
Dark Age
Ending age
Imperial Age
RankedLock teamsTeams togetherTeam positionsShared explorationLock speedFull tech treeHidden civsTurbo modeCheats
Victory
Defeat
🇻🇪 Khmer · Venezuela
473
+16
🇮🇹 Spanish · Italy
460
+17
🇦🇹 Burgundians · Austria
486
-16
🇦🇹 Cumans · Austria
477
-17
El-Kiody
0:58 Loom
14:17 Feudal Age
15:39 Wheelbarrow
14:56 Double-Bit Axe
16:56 Horse Collar
17:30 Stone Mining
18:33 Town Watch
24:07 Castle Age
25:27 Hand Cart
26:35 Gold Mining
29:38 Heavy Plow
31:30 Bow Saw
35:08 Squires
34:34 Pikeman
39:18 Fletching
39:28 Padded Archer Armor
39:30 Scale Mail Armor
42:01 Inquisition
43:09 Ballistics
45:30 Imperial Age
44:23 Fortified Wall
44:32 Gambesons
46:07 Scale Barding Armor
46:13 Forging
46:19 Chain Mail Armor
47:03 Conscription
47:54 Two-Man Saw
47:23 Caravan
48:31 Chemistry
47:56 Husbandry
51:04 Stone Shaft Mining
50:32 Elite Conquistador
52:14 Hoardings
52:34 Bloodlines
53:24 Halberdier
54:03 Bodkin Arrow
54:24 Leather Archer Armor
54:40 Plate Mail Armor
60:27 Man-at-Arms
63:57 Cavalier
68:58 Iron Casting
68:43 Chain Barding Armor
72:17 Light Cavalry
76:42 Hussar
89:10 Bracer
89:41 Ring Archer Armor
93:34 Sanctity
110:01 Plate Barding Armor
110:27 Blast Furnace
110:42 Thumb Ring
111:31 Arson
Vzla_Carlos18
0:35 Loom
18:56 Feudal Age
25:19 Horse Collar
25:28 Double-Bit Axe
25:39 Stone Mining
26:55 Wheelbarrow
26:17 Gold Mining
26:25 Town Watch
27:17 Wheelbarrow
31:07 Castle Age
35:46 Fortified Wall
35:34 Murder Holes
35:49 Fortified Wall
37:12 Bloodlines
38:26 Ballistics
38:17 Masonry
42:28 Bow Saw
42:22 Heavy Plow
45:51 Gold Shaft Mining
45:55 Stone Shaft Mining
45:27 Town Patrol
45:45 Hand Cart
45:38 Caravan
50:53 Imperial Age
51:15 Imperial Age
52:47 Crop Rotation
53:20 Chemistry
52:26 Siege Engineers
52:51 Architecture
52:44 Conscription
53:01 Hoardings
53:55 Double Crossbow
54:08 Heavy Scorpion
91:33 Husbandry
91:44 Bloodlines
91:17 Light Cavalry
91:57 Hussar
93:09 Padded Archer Armor
93:00 Fletching
93:15 Scale Barding Armor
93:21 Forging
95:12 Leather Archer Armor
94:52 Bodkin Arrow
95:26 Chain Barding Armor
96:45 Iron Casting
98:38 Ring Archer Armor
98:09 Bracer
98:51 Ring Archer Armor
98:22 Bracer
98:59 Iron Casting
99:01 Plate Barding Armor
100:03 Scale Mail Armor
104:49 Blast Furnace
103:49 Scale Mail Armor
106:05 Scale Mail Armor
107:51 Chain Mail Armor
spike
20:49 Feudal Age
22:20 Wheelbarrow
26:56 Castle Age
25:49 Double-Bit Axe
27:22 Bloodlines
27:26 Scale Barding Armor
27:41 Padded Archer Armor
27:33 Fletching
28:35 Gold Mining
28:35 Stone Mining
29:53 Thumb Ring
29:09 Crossbowman
30:46 Horse Collar
33:20 Bow Saw
33:04 Gold Mining
38:37 Capped Ram
42:11 Imperial Age
39:57 Hand Cart
39:49 Pikeman
40:02 Man-at-Arms
41:52 Steppe Husbandry
43:23 Forging
43:13 Scale Mail Armor
43:33 Chain Barding Armor
43:09 Bodkin Arrow
44:20 Cuman Mercenaries
46:35 Chemistry
45:47 Siege Ram
46:25 Elite Kipchak
47:44 Conscription
48:00 Ballistics
47:30 Onager
48:42 Parthian Tactics
48:16 Town Watch
48:17 Loom
49:14 Iron Casting
48:57 Leather Archer Armor
50:43 Two-Man Saw
50:19 Cavalier
51:53 Hoardings
53:00 Paladin
53:58 Masonry
53:53 Caravan
54:33 Plate Barding Armor
54:14 Chain Mail Armor
54:30 Ring Archer Armor
57:57 Plate Mail Armor
58:27 Blast Furnace
59:33 Hoardings
59:12 Siege Onager
60:04 Squires
59:25 Pikeman
59:25 Long Swordsman
59:28 Elite Skirmisher
83:46 Sappers
89:12 Guilds
92:07 Coinage
103:26 Banking
102:36 Heavy Cavalry Archer
107:40 Light Cavalry
109:20 Town Patrol
110:01 Banking
112:06 Hussar
flisk
3:09 Loom
3:36 Loom
7:31 Wheelbarrow
7:47 Double-Bit Axe
8:49 Horse Collar
16:41 Feudal Age
17:02 Gold Mining
18:12 Bow Saw
23:13 Castle Age
21:31 Town Watch
23:11 Heavy Plow
23:38 Scale Mail Armor
25:02 Two-Man Saw
23:28 Cavalier
25:23 Hand Cart
26:21 Husbandry
27:03 Town Patrol
30:24 Caravan
31:19 Burgundian Vineyards
32:19 Crop Rotation
37:10 Imperial Age
37:14 Scale Barding Armor
37:13 Padded Archer Armor
37:29 Chain Mail Armor
38:28 Hoardings
37:58 Stone Mining
39:15 Chemistry
40:40 Masonry
46:43 Sappers
47:55 Paladin
48:42 Pikeman
50:47 Scale Barding Armor
51:13 Plate Mail Armor
50:58 Leather Archer Armor
51:49 Bombard Tower
52:01 Architecture
51:15 Treadmill Crane
56:35 Halberdier
68:11 Squires
84:49 Elite Coustillier
92:35 Guilds
Connection lost

Rejoining the realm…

Still unreachable

The connection could not be restored.

Session expired

The server has moved on; the page needs a fresh start.